 Dungeon Crawl Stone Soup version 0.20.0-7-g3b7b877 (webtiles) character file.

1418 Rim the Cleaver (level 8, -1/46 HPs)
             Began as an Octopode Fighter on May 29, 2017.
             Was an Initiate of Hepliaklqana.
             Slain by an ice beast (13 damage)
             ... on level 5 of the Dungeon.
             The game lasted 00:21:16 (7132 turns).

Rim the Cleaver (Octopode Fighter)                  Turns: 7132, Time: 00:21:16

Health: -1/46      AC:  8    Str: 15    XL:     8   Next: 71%
Magic:  8/8        EV: 14    Int: 11    God:    Hepliaklqana [......]
Gold:   329        SH:  0    Dex: 13    Spells: 7/7 levels left

rFire    + . .     SeeInvis .   D - +3 flail (protect)
rCold    . . .     Gourm    .   (no shield)
rNeg     . . .     Faith    .   (helmet restricted)
rPois    .         Spirit   .   (no amulet)
rElec    .         Reflect  .   x - ring of resist corrosion
rCorr    +         Harm     .   (no ring)
MR       .....                  G - ring of protection from fire
Stlth    ++........             (no ring)
Regen    0.2/turn               (no ring)
MPRegen  0.2/turn               (no ring)
                                (no ring)
                                (no ring)

@: protection aura
A: almost no armour, stealthy swim, amphibious, 8 rings, constrict 8, reduced
essence, camouflage 1, gelatinous body 1
a: Recall Ancestor, Ancestor Identity, Renounce Religion


You were on level 5 of the Dungeon.
You worshipped Hepliaklqana.
Hepliaklqana was noncommittal.
You were hungry.

You visited 2 branches of the dungeon, and saw 9 of its levels.

You collected 329 gold pieces.

Inventory:

Hand Weapons
 a - a +0 war axe
 m - the +4 Vampire's Tooth {vamp}
   (You found it on level 5 of the Dungeon)

   It inflicts no extra harm, but heals its wielder when it wounds a living foe.
 z - a +3 flail
 D - a +3 flail of protection (weapon)
Missiles
 e - 39 sling bullets
 h - 4 javelins (quivered)
 y - 2 throwing nets
Armour
 b - a +0 shield
Jewellery
 x - a ring of resist corrosion (left tentacle)
 E - an uncursed ring of ice
 G - a ring of protection from fire (on tentacle)
Wands
 f - a wand of polymorph (10/24)
 t - a wand of lightning (13/15)
Scrolls
 c - a scroll of fog {unknown}
 g - 2 scrolls of teleportation
 l - 2 scrolls of remove curse
 o - a scroll of identify
 s - 3 scrolls of enchant weapon
 w - 2 scrolls of recharging
 B - a scroll of immolation {unknown}
 H - a scroll of random uselessness {unknown}
Potions
 i - 3 potions of mutation {unknown}
 k - a potion of heal wounds {unknown}
 n - a potion of lignification {unknown}
 p - a potion of resistance {unknown}
 q - a potion of invisibility {unknown}
 r - 4 potions of curing
 u - a potion of haste {unknown}
 v - a potion of brilliance {unknown}
 C - a potion of degeneration {unknown}
Books
 A - a book of Callings

   Spells                             Type                      Level
   a - Summon Small Mammal            Summoning                    1
   b - Call Imp                       Summoning                    2
   c - Call Canine Familiar           Summoning                    3
   d - Summon Guardian Golem          Hexes/Summoning              3
   e - Summon Lightning Spire         Summoning/Air                4
   f - Summon Ice Beast               Ice/Summoning                4
Comestibles
 d - 9 bread rations
 j - 2 royal jellies
 F - 4 fruits
 I - a meat ration


   Skills:
 - Level 3.0 Fighting
 + Level 10.6 Axes
 - Level 3.0 Dodging
 - Level 3.0 Shields


You had 7 spell levels left.
You didn't know any spells.

Dungeon Overview and Level Annotations

Branches:
Dungeon (8/15)             Temple (1/1) D:4
   Lair: D:8-11

Altars:
Ashenzari
Cheibriados
Dithmenos
Elyvilon
Fedhas
Hepliaklqana
Makhleb
Nemelex Xobeh
Okawaru
Trog
Uskayaw
Vehumet
Yredelemnul
Zin
The Shining One


Innate Abilities, Weirdness & Mutations

You cannot wear most types of armour.
You are very stealthy in the water. (Stealth+)
You are amphibious.
You can wear up to eight rings at the same time.
You can use your tentacles to constrict eight enemies at once.
Your skin changes colour to match your surroundings (Stealth+).
Your rubbery body absorbs attacks. (AC +1, EV +1)
Your life essence is reduced. (-10% HP)


Message History

You squeeze the ice beast.
The ice beast is moderately wounded.
Bubbles hits the ice beast.
The ice beast hits Bubbles.
The ice beast freezes Bubbles.
Bubbles resists.
You hit the ice beast.
The ice beast is heavily wounded.
Bubbles hits the ice beast but does no damage.
The ice beast hits Bubbles.
The ice beast freezes Bubbles.
Bubbles resists.
You hit the ice beast.
The ice beast is severely wounded.
Bubbles hits the ice beast.
The ice beast hits you but does no damage.
You hit the ice beast.
The ice beast is almost dead.
Bubbles closely misses the ice beast.
The ice beast hits you.
* * * LOW HITPOINT WARNING * * *
The ice beast freezes you!
You die...

##.<#
..######.##....###.......#
###........
...................## #
....#####
<........###.........
<##### ##.....#######.. #.
##.##......#### # ##
#.#######... #. ###.####
####.##......#
#...)@(.........#
#...YR..#########
#...##..... ..........##.#
.........$. .#
#######....# # ######


You could see the friendly Bubbles the ancestor and an ice beast.

Vanquished Creatures
  A spriggan (D:7)
  Edmund (D:5)
  2 phantoms (D:4)
  A centaur (D:8)
  A scorpion (D:5)
  2 killer bees (D:7)
  2 vampire bats (D:5)
  2 crimson imps
  An orc priest (D:4)
  2 hounds
  An orc wizard (D:4)
  A bullfrog skeleton (D:5)
  2 iguanas
  4 worker ants
  A hound zombie (D:5)
  A hound skeleton (D:4)
  8 adders
  7 gnolls
  A shadow imp (D:5)
  A dart slug (D:1)
  3 leopard geckos
  6 orcs (D:4)
  2 ball pythons
  7 bats
  2 giant cockroaches
  6 goblins
  12 hobgoblins
  6 jackals
  3 kobolds (D:1)
  2 quokkas
  8 frilled lizards
  A quokka skeleton (D:4)
  6 rats
106 creatures vanquished.

Vanquished Creatures (collateral kills)
  A centaur (D:5)
1 creature vanquished.

Grand Total: 107 creatures vanquished

Notes
Turn   | Place    | Note
-------+----------+-------------------------------------------
     0 | D:1      | Rim the Octopode Fighter began the quest for the Orb.
     0 | D:1      | Reached XP level 1. HP: 16/16 MP: 1/1
   110 | D:1      | Reached XP level 2. HP: 21/21 MP: 2/2
   210 | D:1      | Reached skill level 3 in Axes
   924 | D:1      | Reached XP level 3. HP: 26/26 MP: 3/3
  1375 | D:2      | Reached skill level 4 in Axes
  1567 | D:2      | Reached XP level 4. HP: 31/31 MP: 4/4
  2284 | D:3      | Found a shadowy altar of Dithmenos.
  2422 | D:3      | Reached skill level 5 in Axes
  2422 | D:3      | Reached XP level 5. HP: 36/36 MP: 5/5
  3207 | D:3      | Found a hide-covered altar of Uskayaw.
  3522 | D:4      | Noticed a phantom
  3539 | D:4      | Killed a phantom
  3539 | D:4      | Reached skill level 6 in Axes
  3539 | D:4      | Reached XP level 6. HP: 5/42 MP: 6/6
  4018 | D:4      | You fall through a shaft for 3 floors!
  4244 | D:7      | Reached skill level 7 in Axes
  4262 | D:7      | HP: 2/42 [poisoned by a killer bee]
  4270 | D:7      | HP: 1/42 [poisoned by a killer bee]
  4532 | D:7      | Reached XP level 7. HP: 34/46 MP: 7/7
  4726 | D:7      | Noticed a spriggan baker
  4730 | D:7      | Killed a spriggan baker
  4976 | D:8      | Reached skill level 8 in Axes
  5282 | D:5      | Entered Level 5 of the Dungeon
  5528 | D:4      | Reached skill level 9 in Axes
  5528 | D:4      | Reached XP level 8. HP: 21/52 MP: 8/8
  5755 | D:4      | Found a staircase to the Ecumenical Temple.
  5852 | Temple   | Entered the Ecumenical Temple
  6264 | D:4      | Found a snail-covered altar of Cheibriados.
  6586 | D:5      | Noticed Edmund
  6609 | D:5      | Killed Edmund
  6609 | D:5      | Reached skill level 10 in Axes
  7072 | D:5      | Found a basalt altar of Yredelemnul.
  7073 | D:5      | Found a hazy altar of Hepliaklqana.
  7079 | D:5      | Became a worshipper of Hepliaklqana the Forgotten
  7132 | D:5      | Slain by an ice beast

Skill      XL: |  1  2  3  4  5  6  7  8 |
---------------+-------------------------+-----
Axes           | 3 4 5 6 7 9 10 | 10.6
Fighting       | |  3.0
Dodging        | |  3.0
Shields        | |  3.0

Action                   |  1- 3 |  4- 6 |  7- 9 || total
-------------------------+-------+-------+-------++-------
Melee: War axe           |    65 |    51 |       ||   116
       Constrict         |    18 |    22 |    19 ||    59
       Tentacles         |     5 |    16 |    24 ||    45
       Flail             |       |    37 |    99 ||   136
Throw: Javelin           |       |    12 |     5 ||    17
Invok: Ancestor Identity |       |       |     1 ||     1
  Use: Potion            |       |       |     1 ||     1
       Scroll            |       |       |     7 ||     7
 Stab: Sleeping          |     8 |     3 |     2 ||    13
       Distracted        |     1 |       |       ||     1
  Eat: Chunk             |     2 |     8 |     8 ||    18
       Fruit             |       |       |     1 ||     1
Armor: Skin              |     5 |     1 |    10 ||    16
Dodge: Dodged            |    39 |    63 |    88 ||   190
